 Dungeon Crawl Stone Soup version 0.25.0-26-g0c896c7088 (webtiles) character file.

Game seed: 8983994827154522426

67 xccam the Insei (level 4, -2/28 HPs)
             Began as an Octopode Transmuter on July 1, 2020.
             Killed by nerve-wracking pain
             ... invoked by Grinder
              (4 damage)
             ... on level 3 of the Dungeon.
             The game lasted 00:02:08 (2272 turns).

xccam the Insei (Octopode Transmuter)               Turns: 2272, Time: 00:02:08

Health: -2/28      AC:  1    Str: 10    XL:     4   Next: 16%
Magic:  6/7        EV: 13    Int: 15    God:
Gold:   113        SH:  0    Dex: 12    Spells: 6/7 levels left

rFire    . . .     SeeInvis .     - Unarmed
rCold    . . .     Gourm    .   (no shield)
rNeg     . . .     Faith    .   (helmet restricted)
rPois    +         Spirit   .   (no amulet)
rElec    .         Reflect  .   e - ring of resist corrosion
rCorr    +         Harm     .   k - ring of poison resistance
MR       .....                  (no ring)
Stlth    ++........             (no ring)
HPRegen  0.09/turn              (no ring)
MPRegen  0.10/turn              (no ring)
                                (no ring)
                                (no ring)

@: appendage (expiring), stab, flying
A: almost no armour, stealthy swim, amphibious, 8 rings, constrict 8, tentacle
spike 3, camouflage 1, gelatinous body 1
a: End Transformation


You were on level 3 of the Dungeon.
You were not hungry.
One of your tentacles had a temporary spike.
You visited 1 branch of the dungeon, and saw 3 of its levels.

You collected 113 gold pieces.

Inventory:

Missiles
 a - 106 arrows
Jewellery
 e - a ring of resist corrosion (left tentacle)
 k - a ring of poison resistance (right tentacle)
Scrolls
 f - 2 scrolls of amnesia {unknown}
 g - 2 scrolls of identify {unknown}
 i - a scroll of remove curse {unknown}
 j - a scroll of teleportation {unknown}
Potions
 b - a potion of curing
 h - a potion of heal wounds
Comestibles
 c - 6 rations


   Skills:
 - Level 1.0 Fighting
 - Level 2.0 Dodging
 + Level 4.9 Unarmed Combat
 - Level 2.0 Spellcasting
 - Level 2.0 Transmutations


You had 6 spell levels left.
You knew the following spells:

 Your Spells              Type           Power        Failure   Level  Hunger
a - Beastly Appendage     Tmut           #.....       10%         1    #......

Your spell library contained the following spells:

 Spells                   Type           Power        Failure   Level  Hunger
 Sticks to Snakes         Tmut           #.......     14%         2    ###....
 Spider Form              Tmut/Pois      #.........   41%         3    ###....
 Ice Form                 Ice/Tmut       #.......     82%         4    #####..
 Blade Hands              Tmut           #.........   95%         5    ######.


Dungeon Overview and Level Annotations

Branches:
Dungeon (3/15)

Altars:

Annotations:
D:3 Grinder


Innate Abilities, Weirdness & Mutations

You cannot wear most types of armour.
You are very stealthy in the water. (Stealth+)
You are amphibious.
You can wear up to eight rings at the same time.
You can use your tentacles to constrict eight enemies at once.
Your skin changes colour to match your surroundings (Stealth+).
Your rubbery body absorbs attacks. (AC +1, EV +1)
One of your tentacles bears a large vicious spike.


Message History

You kill the orc!
Okay, then.
Grinder blinks!
Things that are here:
a +0 flail; an orc corpse You tentacle-slap Grinder but do no damage.
You grab Grinder.
You pierce Grinder, but do no damage.
You tentacle-slap Grinder.
Grinder is lightly wounded.
You constrict Grinder. Grinder hits you.
You writhe in agony.
You tentacle-slap Grinder but do no damage.
Grinder is lightly wounded.
You constrict Grinder. Grinder hits you!
* * * LOW HITPOINT WARNING * * *
You tentacle-slap Grinder.
Grinder is moderately wounded.
You constrict Grinder. Grinder gestures at you. Pain shoots through your body!
You die...

#(# #.######## #(.......#
##.......# ###### #.......#
#..... ##......# #.....######
#..#####
##.....#....###########)#####
............@5...............
##.....#....###########.#####
#.....#....# #.# #######....#
#.# #....# #.# ###### ####.##
#.....# #.....## #......#


You could see Grinder.

Vanquished Creatures
  2 adders
  A worm (D:2)
  A dart slug (D:1)
  A leopard gecko (D:3)
  An orc (D:3)
  2 ball pythons
  2 giant cockroaches
  6 goblins
  5 hobgoblins
  2 jackals (D:3)
  A quokka (D:3)
  7 bats
  2 frilled lizards (D:1)
  3 kobolds
  4 rats
40 creatures vanquished.

Notes
Turn   | Place    | Note
-------+----------+-------------------------------------------
     0 | D:1      | xccam the Octopode Transmuter began the quest for the Orb.
     0 | D:1      | Reached XP level 1. HP: 13/13 MP: 3/3
   366 | D:1      | Reached XP level 2. HP: 18/18 MP: 5/5
  1072 | D:2      | Reached skill level 4 in Unarmed Combat
  1072 | D:2      | Reached XP level 3. HP: 3/23 MP: 4/6
  1914 | D:3      | Reached XP level 4. HP: 14/28 MP: 5/7
  2247 | D:3      | Noticed Grinder
  2272 | D:3      | Killed from afar by Grinder

Illustrated notes

Levels and vault maps discovered:
D:1:      lightli_arrival_quake, layout_loops_corners, supply_closet_lemuel,
          minmay_distorted
D:2:      layout_basic, kennysheep_nub
D:3:      layout_basic, first_ration, uniq_crazy_yiuf_cottage, uniq_grinder,
          uniq_terence

Skill      XL: |  1  2 |
---------------+-------+-----
Unarmed Combat | 4 |  4.9
Fighting       | |  1.0
Dodging        | |  2.0
Spellcasting   | |  2.0
Transmutations | |  2.0

Action                   |  1- 3 |  4- 6 || total
-------------------------+-------+-------++-------
Melee: Unarmed           |    70 |    17 ||    87
       Constrict         |    21 |     4 ||    25
       Tentacles         |     7 |     1 ||     8
       Kick              |     4 |     3 ||     7
       Punch             |     3 |     2 ||     5
 Cast: Beastly Appendage |     3 |     2 ||     5
  Use: Potion            |     1 |     3 ||     4
 Stab: Sleeping          |    12 |       ||    12
  Eat: Chunk             |     3 |     1 ||     4
Armor: Skin              |    10 |       ||    10
Dodge: Dodged            |    33 |    18 ||    51
